 Dungeon Crawl Stone Soup version 0.29.0-7-g18a832c13a (console) character file.

Game seed: 14340098386829867408

40082 jejorda2 the Blocker (level 14, 0/118 HPs)
             Began as a Vine Stalker Berserker on Aug 30, 2022.
             Was a High Priest of Trog.
             Killed from afar by an ice dragon (17 damage)
             ... with a blast of cold
             ... on level 5 of the Lair of Beasts on Aug 31, 2022.
             The game lasted 00:50:34 (15767 turns).

jejorda2 the Blocker (Vine Stalker Berserker)      Turns: 15767, Time: 00:50:39

Health: 0/118      AC: 24    Str: 24    XL:     14   Next: 9%
Magic:  0/5        EV:  8    Int:  7    God:    Trog [*****.]
Gold:   163        SH: 12    Dex: 15    Spells: 13/13 levels left

rFire   + + +      SeeInvis .   a - +9 quick blade (antimagic)
rCold   . . .      Faith    .   L - +0 kite shield
rNeg    . . .      Spirit   +   K - +0 plate armour
rPois   +          Reflect  .   C - +0 helmet
rElec   +          Harm     .   l - +0 cloak
rCorr   .          Rampage  .   j - +2 pair of gloves
Will    .....                   c - +1 pair of boots
Stlth   ..........              B - amulet of the acrobat
HPRegen 1.09/turn               O - ring "Kockas" {Fly rElec rPois rF+++ Will-}
MPRegen 0.09/turn               Q - +4 ring of protection

@: berserking, flying, studying Fighting, very quick
A: fangs 3, regeneration 1, magic shield, antimagic bite, no potion heal 2
a: Renounce Religion, Berserk, Trog's Hand, Brothers in Arms


You were on level 5 of the Lair of Beasts.
You worshipped Trog.
Trog was extremely pleased with you.
You visited 2 branches of the dungeon, and saw 16 of its levels.
You also visited: Sewer.

You collected 982 gold pieces.
You spent 819 gold pieces at shops.

Inventory:

Hand Weapons
 a - a +9 antimagic quick blade (weapon)
 b - a +2 dagger of speed
 y - the +7 falchion of Laegeh {venom, +Blink}
   (You found it on level 7 of the Dungeon)

   It poisons the flesh of those it strikes.
   +Blink:    It lets you blink.
 U - the +9 dagger of Punnec {freeze, rPois Stlth+}
   (You found it on level 8 of the Dungeon)

   It freezes those it strikes, dealing additional cold damage.
   It can also slow down cold-blooded creatures.
   rPois:     It protects you from poison.
   Stlth:     It makes you more stealthy.
Missiles
 g - 24 poisoned darts (quivered)
 i - 154 stones
 o - 9 boomerangs
 r - 6 atropa-tipped darts
 t - 4 silver javelins
 z - 3 boomerangs of dispersal
 I - 6 javelins
Armour
 c - a +1 pair of boots (worn)
 j - a +2 pair of gloves (worn)
 l - a +0 cloak (worn)
 C - a +0 helmet (worn)
 H - a +0 buckler
 K - a +0 plate armour (worn)
 L - a +0 kite shield (worn)
Jewellery
 e - a ring of flight
 B - an amulet of the acrobat (around neck)
 J - a ring of positive energy
 O - the ring "Kockas" (left hand) {Fly rElec rPois rF+++ Will-}
   (You found it on level 10 of the Dungeon)

   [ring of flight]

   rF:        It renders you almost immune to fire.
   rElec:     It insulates you from electricity.
   rPois:     It protects you from poison.
   Fly:       It grants you flight.
   Will:      It decreases your willpower.
 Q - a +4 ring of protection (right hand)
Wands
 u - a wand of mindburst (11)
 v - a wand of flame (29)
 A - a wand of digging (4)
 D - a wand of acid (28)
Scrolls
 f - a scroll of identify
 n - 3 scrolls of blinking
 p - a scroll of magic mapping
 q - 6 scrolls of teleportation
 E - 2 scrolls of enchant weapon
 F - 6 scrolls of poison
 M - a scroll of silence
 N - 2 scrolls of enchant armour
 P - 2 scrolls of brand weapon
 R - a scroll of immolation
 S - a scroll of fog
Potions
 d - 3 potions of attraction
 h - 2 potions of invisibility
 k - 7 potions of curing
 m - 4 potions of mutation
 s - 4 potions of magic
 w - 3 potions of might
 x - a potion of haste
 G - 4 potions of lignification
 T - a potion of cancellation


   Skills:
 + Level 11.6 Fighting
 - Level 10.0 Short Blades
 + Level 6.7 Throwing
 - Level 6.0 Armour
 - Level 6.0 Dodging
 - Level 3.0 Stealth
 + Level 12.2 Shields
 - Level 6.0 Evocations


You had 13 spell levels left.
You didn't know any spells.
Your spell library was empty.

Dungeon Overview and Level Annotations

Branches:
Dungeon (11/15)            Temple (0/1) D:6            Lair (5/5) D:11
 Shoals (0/4) Lair:3        Snake (0/4) Lair:3          Orc (0/2) D:11
  Sewer (visited)
  Slime: Lair:4-5

Altars:
Ashenzari
Dithmenos
Nemelex Xobeh
Qazlal
Ru
Trog
Uskayaw
Vehumet
Wu Jian
Xom
Yredelemnul
Zin

Shops:
D:1 :   D:2 [   D:3 [   D:9 !   D:10 [   D:11 [?*

Annotations:
D:7 3 runed translucent doors, exclusion: 3 doors, BuzzyBeetle's ghost, novice GnWn


Innate Abilities, Weirdness & Mutations

You have razor-sharp teeth.
Your natural rate of healing is unusually fast.
When hurt, damage is shared between your health and your magic reserves.
Your bite disrupts and absorbs the magic of your enemies.
Potions cannot restore your health.


Message History

The yak is almost dead.
You hit the yak. You bite the yak.
You kill the yak!
Trog accepts your kill. The ice dragon breathes frost at you.
The blast of cold hits you!!!
Ouch! That really hurt!
You hear a loud, deep croak! x2
A red film seems to cover your vision as you go berserk!
You feel yourself moving faster!
You feel mighty! The ice dragon breathes frost at you.
The blast of cold hits the ice beast.
The ice beast completely resists.
The blast of cold hits you!!
* * * LOW HITPOINT WARNING * * *
You block the ice beast's attack.
You hear a loud, deep croak!
You hear a croak. x2
You hit the ice beast. You bite the ice beast. You drain its power.
You feel invigorated.
The ice beast is moderately wounded.
You puncture the ice beast!
You kill the ice beast!
Trog accepts your kill.
You puncture the blink frog!
The blink frog's magic leaks into the air.
Your bite misses the blink frog.
The blink frog is moderately wounded.
The blink frog hits you but does no damage.
You puncture the blink frog!
The blink frog's magic leaks into the air.
You bite the blink frog!
The blink frog's magic leaks into the air.
You drain its magic.
The blink frog is almost dead.
You puncture the blink frog!
You kill the blink frog!
Trog accepts your kill. The ice dragon breathes frost at you.
The blast of cold hits the white imp.
The white imp resists.
The blast of cold hits you!!
You die...

...............
#..... .........
#.... .........
.... PP.#....
#..### #.P....
#..#(# .##.P....
##...#......P.$..
##5D..#......P..<.
#@#...#.....#.P...
###...#....P#P..§.
#.F## #...#.....
##<..####......§.
#..F#h...hPYY....
#.....YY.........
##.....5§....F...
#...............
#...............


You could see an ice dragon (catching breath) and a white imp.

Vanquished Creatures
  Fannar (D:11)
  2 hydras
  A catoblepas (Lair:4)
  4 boulder beetles
  A centaur warrior (D:9)
  A death knight (D:11)
  4 two-headed ogres
  A tengu warrior (D:8)
  2 death yaks (Lair:4)
  A skeletal warrior (D:11)
  Pikel (D:4)
  A phantasmal warrior (D:11)
  An oklob plant (Lair:4)
  A cyclops (D:9)
  2 ugly things (D:9)
  3 manticores
  A black mamba (Lair:2)
  Joseph (D:9)
  A gargoyle (D:11)
  An unseen horror (D:11)
  8 cane toads
  2 kobold demonologists (D:10)
  7 rime drakes (Lair:3)
  4 komodo dragons
  A freezing wraith (D:11)
  A polar bear (Lair:1)
  A wind drake (Lair:3)
  2 hornets
  2 trolls (D:11)
  10 blink frogs
  5 dream sheep (Lair:1)
  Grinder (D:4)
  A slime creature (D:9)
  Prince Ribbit (D:8)
  A shadow (D:11)
  7 basilisks
  4 wraiths
  9 wyverns
  4 steam dragons
  Grum (D:9)
  24 yaks
  3 acid dragons
  3 nagas (Lair:3)
  3 wargs (D:11)
  11 water moccasins
  3 orc warriors
  3 ice beasts
  4 black bears
  A centaur (D:8)
  6 wolves
  A phantom (Sewer)
  4 kobold brigands
  7 bullfrogs
  3 gnoll sergeants
  A necrophage (D:8)
  A scorpion (D:6)
  4 wights (D:7)
  4 killer bees (D:9)
  6 howler monkeys
  An electric eel (Lair:4)
  2 jellies
  A hound (D:7)
  8 orc priests
  Natasha (thrice) (D:2)
  3 iguanas
  7 orc wizards
  18 hell rats
  Robin (D:4)
  5 adders
  18 gnolls
  3 river rats (D:6)
  3 shadow imps (Sewer)
  3 white imps
  7 ufetubi
  An adder zombie (Sewer)
  2 worms (D:2)
  39 orcs
  6 endoplasms
  7 giant cockroaches
  10 goblins
  6 hobgoblins
  2 jackals (D:1)
  3 quokkas
  2 ball pythons
  A bat (D:2)
  A frilled lizard (D:2)
  A giant cockroach zombie (Sewer)
  28 kobolds
  8 rats
  A butterfly (D:6)
396 creatures vanquished.

Vanquished Creatures (collateral kills)
  A death yak (Lair:4)
1 creature vanquished.

Vanquished Creatures (others)
  2 butterflies (D:9)
  25 fungi
  48 plants
75 creatures vanquished.

Grand Total: 472 creatures vanquished

Notes
Turn   | Place    | Note
-------+----------+-------------------------------------------
     0 | D:1      | jejorda2 the Vine Stalker Berserker began the quest for the
                  | Orb.
     0 | D:1      | Reached XP level 1. HP: 11/11 MP: 2/2
   321 | D:1      | Reached XP level 2. HP: 14/16 MP: 0/3
   565 | D:1      | Found Githru Vaj's Book Boutique.
  1404 | D:2      | Found Beyg's Armour Shop.
  1413 | D:2      | Reached XP level 3. HP: 20/20 MP: 4/4
  1794 | D:2      | Noticed Natasha
  1802 | D:2      | Killed Natasha
  1803 | D:2      | Gained mutation: Your natural rate of healing is unusually
                  | fast. [Vine Stalker growth]
  1803 | D:2      | Reached XP level 4. HP: 24/24 MP: 5/5
  1889 | D:2      | Found a faded altar of an unknown god.
  2239 | D:2      | Found Beyg's Armour Shop.
  2288 | D:2      | Noticed Natasha
  2295 | D:2      | Killed Natasha
  2492 | D:2      | Noticed Natasha
  2500 | D:2      | Killed Natasha
  2651 | D:3      | Reached XP level 5. HP: 28/28 MP: 6/6
  2799 | D:3      | Found Dawykol's Antique Armour Shoppe.
  3164 | D:3      | Reached ** piety under Trog
  3401 | D:4      | Noticed Pikel
  3401 | D:4      | Noticed a lemure
  3401 | D:4      | Noticed a lemure
  3405 | D:4      | Noticed a lemure
  3405 | D:4      | Noticed a lemure
  3410 | D:4      | Killed Pikel
  3411 | D:4      | Reached XP level 6. HP: 35/35 MP: 7/7
  3411 | D:4      | Reached XP level 7. HP: 38/38 MP: 8/8
  3457 | D:4      | Noticed Robin
  3469 | D:4      | Killed Robin
  3561 | D:4      | Reached skill level 5 in Fighting
  3957 | D:4      | Noticed Grinder
  3992 | D:4      | Killed Grinder
  3993 | D:4      | Gained mutation: You have razor-sharp teeth. [Vine Stalker
                  | growth]
  3993 | D:4      | Reached XP level 8. HP: 36/43 MP: 9/9
  4417 | D:5      | Entered Level 5 of the Dungeon
  4692 | D:5      | Found a glowing silver altar of Zin.
  4803 | D:5      | Found a hide-covered altar of Uskayaw.
  5251 | D:6      | Found a glowing drain.
  5255 | Sewer    | Entered a sewer
  5356 | Sewer    | Reached *** piety under Trog
  5401 | Sewer    | Found an ancient bone altar of Kikubaaqudgha.
  5488 | Sewer    | Identified the +2 robe of Oximoociss {rC+ Int+4}
  5741 | D:6      | Found a basalt altar of Yredelemnul.
  5800 | D:6      | Reached XP level 9. HP: 49/49 MP: 10/10
  5909 | D:6      | Found a sacrificial altar of Ru.
  6119 | D:6      | Found a staircase to the Ecumenical Temple.
  6572 | D:7      | Reached **** piety under Trog
  6664 | D:7      | Found a runed translucent gate.
  6664 | D:7      | Found a runed translucent gate.
  6664 | D:7      | Found a runed translucent gate.
  6671 | D:7      | Noticed BuzzyBeetle's ghost (novice GnWn)
  6736 | D:7      | Identified the +7 falchion of Laegeh {venom, +Blink}
  6926 | D:7      | Reached skill level 10 in Short Blades
  6968 | D:7      | Found an ornate altar of the Wu Jian Council.
  7145 | D:8      | Found a sparkling altar of Nemelex Xobeh.
  7153 | D:8      | Noticed Prince Ribbit
  7164 | D:8      | Killed Prince Ribbit
  7165 | D:8      | Reached skill level 1 in Evocations
  7370 | D:8      | Noticed a tengu warrior
  7373 | D:8      | Noticed a hornet
  7381 | D:8      | Reached XP level 10. HP: 53/56 MP: 11/11
  7445 | D:8      | Killed a tengu warrior
  7673 | D:8      | Found a bloodstained altar of Trog.
  7690 | D:8      | Reached skill level 1 in Shields
  7694 | D:8      | Identified the +9 dagger of Punnec {freeze, rPois Stlth+}
  7741 | D:8      | You are sucked into a shaft and drop 2 floors!
  7741 | D:10     | Entered Level 10 of the Dungeon
  7844 | D:8      | Noticed a two-headed ogre
  7854 | D:8      | Killed a two-headed ogre
  7855 | D:8      | Reached skill level 2 in Shields
  8077 | D:9      | Noticed Joseph
  8087 | D:9      | Killed Joseph
  8088 | D:9      | Reached skill level 5 in Armour
  8088 | D:9      | Reached skill level 3 in Shields
  8104 | D:9      | Found a radiant altar of Vehumet.
  8144 | D:9      | Found a stormy altar of Qazlal.
  8158 | D:9      | Noticed Grum
  8177 | D:9      | Killed Grum
  8178 | D:9      | Reached skill level 4 in Shields
  8217 | D:9      | Noticed a manticore
  8217 | D:9      | Noticed a boulder beetle
  8217 | D:9      | Noticed a green ugly thing
  8243 | D:9      | Killed a manticore
  8244 | D:9      | Reached XP level 11. HP: 29/60 MP: 12/12
  8302 | D:9      | Killed a boulder beetle
  8303 | D:9      | Reached skill level 5 in Shields
  8303 | D:9      | Reached skill level 5 in Evocations
  8327 | D:9      | Found a shimmering altar of Xom.
  8392 | D:9      | Killed a green ugly thing
  8493 | D:9      | Noticed a white ugly thing
  8504 | D:9      | Killed a white ugly thing
  8534 | D:9      | Noticed a centaur warrior
  8546 | D:9      | Killed a centaur warrior
  8611 | D:9      | Noticed a cyclops
  8633 | D:9      | Killed a cyclops
  8634 | D:9      | Reached skill level 6 in Shields
  8762 | D:9      | Found Tuom's Distillery.
  8790 | D:9      | Found a shadowy altar of Dithmenos.
  8811 | D:9      | Found a broken altar of Ashenzari.
  8999 | D:9      | Noticed a boulder beetle
  9014 | D:9      | Killed a boulder beetle
  9264 | D:10     | Identified the ring "Kockas" {Fly rElec rPois rF+++ Will-}
  9279 | D:10     | Noticed a sun demon
  9283 | D:10     | Reached skill level 7 in Shields
  9299 | D:10     | Identified the +8 mace of Insufficient Pleasure {freeze,
                  | rCorr Int+2}
  9415 | D:10     | Noticed a two-headed ogre
  9423 | D:10     | Killed a two-headed ogre
  9453 | D:10     | Noticed a two-headed ogre
  9516 | D:10     | Killed a two-headed ogre
  9569 | D:10     | Noticed a two-headed ogre
  9578 | D:10     | Killed a two-headed ogre
  9579 | D:10     | Reached skill level 8 in Shields
  9579 | D:10     | Reached XP level 12. HP: 64/64 MP: 13/13
  9792 | D:10     | Found Ymuisuag's Antique Armour Shoppe.
  9995 | D:11     | Found Tunnomos's Assorted Antiques.
 10002 | D:11     | Bought a murky white potion for 19 gold pieces
 10038 | D:11     | Found a staircase to the Orcish Mines.
 10146 | D:11     | Found a staircase to the Lair.
 10228 | D:11     | Found Ajuim's Armour Shoppe.
 10261 | D:11     | Found Voeprooxt's Magic Scroll Emporium.
 10339 | D:11     | Reached skill level 5 in Dodging
 10339 | D:11     | Reached skill level 9 in Shields
 10379 | D:11     | Noticed a death knight
 10393 | D:11     | Killed a death knight
 10734 | D:11     | Noticed a boulder beetle
 10767 | D:11     | Killed a boulder beetle
 10768 | D:11     | Reached skill level 1 in Stealth
 10957 | D:11     | Noticed an eight-headed hydra
 10959 | D:11     | Noticed Fannar
 10962 | D:11     | Killed an eight-headed hydra
 10975 | D:11     | Killed Fannar
 11230 | Lair:1   | Entered Level 1 of the Lair of Beasts
 11253 | D:11     | Reached skill level 10 in Shields
 11555 | Lair:1   | Reached skill level 1 in Throwing
 11868 | Lair:1   | Reached XP level 13. HP: 51/68 MP: 14/14
 11924 | Lair:1   | Reached skill level 11 in Shields
 12652 | D:1      | Bought a manual of Fighting for 800 gold pieces
 13792 | Lair:3   | Reached ***** piety under Trog
 13861 | Lair:3   | Reached skill level 12 in Shields
 13886 | Lair:3   | Found a staircase to the Shoals.
 13925 | Lair:3   | Found a staircase to the Snake Pit.
 14347 | Lair:3   | Reached skill level 5 in Throwing
 14519 | Lair:4   | Reached skill level 10 in Fighting
 15433 | Lair:4   | Reached XP level 14. HP: 67/79 MP: 13/15
 15622 | Lair:5   | Entered Level 5 of the Lair of Beasts
 15748 | Lair:5   | Received a gift from Trog
 15767 | Lair:5   | Killed from afar by an ice dragon

Illustrated notes

Levels and vault maps discovered:
D:1:      lemuel_arrival_tunnels, layout_loops_ring, serial_shops, shop,
          minmay_quantized
D:2:      layout_basic, basic_ecumenical_altar, serial_shops, shop, uniq_natasha
D:3:      layout_basic, serial_shops, shop, chequers_serial_rivers_room_a,
          chequers_serial_rivers_micro_b, grunt_decor_mini_mirrors
D:4:      layout_cave_pools, serial_co_window_serial, co_window_corner_a,
          co_window_paths_a, co_window_corner_a, co_window_of_opportunity_a,
          co_window_of_opportunity_a, co_window_of_opportunity_a,
          co_window_corner_a, co_window_of_opportunity_b, co_window_broadway_b,
          co_window_broadway_a, co_window_cross_4, co_window_corner_ca,
          co_window_of_opportunity_b, co_window_paths_c, co_window_4corner_a,
          glass_columns_b, glass_columns_a, uniq_grinder, uniq_robin, uniq_pikel
D:5:      layout_basic, lemuel_round_altar, nicolae_uskayaw_suspiria
D:6:      layout_basic, overflow_temple_1_default, marbit_many_paths,
          minmay_temple_entry_butterflies, gup_sewer_entry_spiral
D:7:      layout_rooms, mainiacjoe_overflow_alcove_2,
          gammafunk_ghost_necromancy, kennysheep_boxes
D:8:      minmay_chambers_of_fours, layout_basic, bloody_trog,
          mainiacjoe_overflow_paths, lightli_orcish_oven, uniq_prince_ribbit1
D:9:      layout_rooms, nicolae_ashenzari_panopticon, xom_butterflies,
          grunt_dithmenos_smoke_and_mirrors, amcnicky_altar_gilded,
          grunt_qazlal_clouds, serial_shops, nicolae_shop_statue_plus,
          minmay_shattered_shrine, uniq_grum, uniq_joseph
D:10:     layout_small_grid, nicolae_take_the_stairs
D:11:     layout_loops_corners, erik_lair_orcish_takeover, david_orc_3,
          serial_shops, nicolae_shop_advertising_works
          [nicolae_subvault_shop_adworks], shop_statue,
          nicolae_shop_overgrown_old_shop, uniq_fannar
Lair:1:   layout_regular_city
Lair:2:   layout_cave_shapes, grunt_megastairs_5
Lair:3:   layout_roguey [special_room_mythical_zoo], minmay_shoals_entry_beasts,
          minmay_snake_entry_guardpost_small
Lair:4:   layout_small_grid, gammafunk_lair_bear_cave
Lair:5:   minmay_lair_end_frog_pond, layout_regular_city, slime_entry_1,
          basic_altar, ice2_lemuel

Skill      XL: |  1  2  3  4  5  6  7  8  9 10 11 12 13 |
---------------+----------------------------------------+-----
Short Blades   | 3 4 6 7 8 10 | 10.0
Fighting       | 3 4 5 6 7 8 11 | 11.6
Armour         | 3 5 6 |  6.0
Evocations     | 1 4 6 |  6.0
Shields        | 4 8 10 12 | 12.2
Dodging        | 4 6 |  6.0
Stealth        | 3 |  3.0
Throwing       | 2 6 |  6.7

Action                   |  1- 3 |  4- 6 |  7- 9 | 10-12 | 13-15 || total
-------------------------+-------+-------+-------+-------+-------++-------
Melee: Short sword       |    43 |       |       |       |       ||    43
       Bite              |    10 |    12 |   181 |   230 |   232 ||   665
       Dagger            |    17 |    46 |   508 |   623 |   507 ||  1701
       Punch             |       |       |     9 |       |       ||     9
       Quick blade       |       |       |       |       |    14 ||    14
Throw: Dart              |       |       |       |    12 |    21 ||    33
       Stone             |       |       |       |    11 |     2 ||    13
       Javelin           |       |       |       |     1 |       ||     1
Invok: Berserk           |     1 |     2 |     8 |    20 |     8 ||    39
       Trog's Hand       |       |       |     1 |     2 |     2 ||     5
       Brothers in Arms  |       |       |       |     1 |     1 ||     2
  Use: Scroll            |       |       |    22 |     3 |     2 ||    27
       Potion            |       |       |       |       |     1 ||     1
 Stab: Distracted        |       |       |       |     1 |       ||     1
Armor: Leather armour    |    11 |       |       |       |       ||    11
       Chain mail        |     6 |    19 |   151 |    19 |       ||   195
       Plate armour      |       |       |       |   176 |    87 ||   263
Dodge: Dodged            |    23 |    15 |   103 |   120 |    87 ||   348
Block: Buckler           |       |       |       |    24 |       ||    24
       Kite shield       |       |       |       |    70 |   154 ||   224
